 Dungeon Crawl Stone Soup version 0.30-a0-737-gf23d94013f (webtiles) character file.

Game seed: 396671689711001754

375 Ijustatesigmund the Grave Robber (level 6, -2/48 HPs)
             Began as a Deep Elf Necromancer on Feb 2, 2023.
             Splashed by a jelly's acid (5 damage)
             ... in a sewer.
             The game lasted 00:14:01 (3945 turns).

Ijustatesigmund the Grave Robber (DENe)             Turns: 3945, Time: 00:14:01

Health: -2/48      AC: -8    Str:  5    XL:     6   Next: 44%
Magic:  11/16      EV: 12    Int: 22    God:
Gold:   152        SH:  0    Dex: 15    Spells: 12/16 levels left

rFire   + . .      SeeInvis .    c - +1 short sword
rCold   + . .      Faith    .    (no shield)
rNeg    . . .      Spirit   .    a - +2 robe {Will+}
rPois   .          Reflect  .    (no helmet)
rElec   .          Harm     .    (no cloak)
rCorr   .          Rampage  .    (no gloves)
Will    +....                    (no boots) Stlth
                                 (no amulet)
HPRegen 0.28/turn                f - ring of protection from cold
MPRegen 0.15/turn                j - ring of protection from fire

@: berserking, corroded, very quick
A: no striking features
a: no special abilities


You were in a sewer.
You visited 1 branch of the dungeon, and saw 4 of its levels.
You also visited: Sewer.

You collected 152 gold pieces.

Inventory:

Hand Weapons
 c - a +1 short sword (weapon)
Missiles
 g - 6 curare-tipped darts
Armour
 a - a +2 robe of willpower (worn)
 h - a scarf of shadows
Jewellery
 f - a ring of protection from cold (left hand)
 j - a ring of protection from fire (right hand)
Scrolls
 d - 4 scrolls of identify
 n - a scroll of teleportation {unknown}
Potions
 b - 2 potions of magic
 e - 3 potions of flight
 i - 3 potions of lignification
 k - 2 potions of berserk rage
 l - 2 potions of heal wounds {unknown}
 m - a potion of ambrosia


   Skills:
 - Level 0.3 Fighting
 - Level 2.5 Throwing
 - Level 2.4 Dodging
 - Level 2.4 Stealth
 - Level 5.7 Spellcasting
 + Level 1.8 Conjurations
 - Level 6.5 Necromancy
 + Level 1.7 Earth Magic


You had 12 spell levels left.
You knew the following spells:

 Your Spells              Type           Power      Damage    Failure   Level
a - Necrotise             Necr           100%       1d9       1%          1
b - Stone Arrow           Conj/Erth      28%        3d8       14%         3

Your spell library contained the following spells:

 Spells                   Type           Power      Damage    Failure   Level
 Vampiric Draining        Necr           35%        2d8       1%          3
 Magic Dart               Conj           56%        1d5       4%          1
 Sandblast                Erth           28%        2d8       4%          1
 Animate Dead             Necr           35%        N/A       6%          4
 Searing Ray              Conj           28%        2d5       7%          2
 Passwall                 Tmut/Erth      8%         N/A       10%         2
 Static Discharge         Conj/Air       20%        2-3/arc   10%         2
 Agony                    Necr           35%        N/A       17%         5
 Vhi's Electric Charge    Tloc/Air       12%        N/A       28%         3
 Fulminant Prism          Conj/Hex       5%         3d6       54%         4
 Arcjolt                  Conj/Air       5%         1d15      87%         5
 Lightning Bolt           Conj/Air       5%         1d17      87%         5


Dungeon Overview and Level Annotations

Branches:
Dungeon (4/15)              Sewer (1/1)
 Temple: D:4-7

Altars:

Shops:
D:3 :


Message History

Press: ? - help, Shift-Dir - straight line, f/p - jelly
Aim: a jelly (almost dead, ally target, chance to affect: 88%)
The jelly barely resists.
The jelly hits you. The acid corrodes you!
You are splashed with acid!
The jelly hits you. The acid corrodes you!
You are splashed with acid!
Your frilled lizard skeleton bites the jelly.
Your frilled lizard skeleton is burned by acid!
Casting: Necrotise (safe; 1% risk of failure)
Confirm with . or Enter, or press ? or * to list all spells.
Aiming: Necrotise (safe; 1% risk of failure)
Press: ? - help, Shift-Dir - straight line, f/p - jelly
Aim: a jelly (almost dead, ally target, chance to affect: 88%)
The jelly writhes in agony.
You kill the jelly!
The jelly hits you.
You are splashed with acid!
* * * LOW HITPOINT WARNING * * *
A jelly is nearby!
Unknown command.
You aren't carrying any items that you can evoke.
Unknown command.
Okay, then.
Okay, then.
You aren't carrying any items that you can evoke.
Unknown command.
Casting: Necrotise (safe; 1% risk of failure)
Confirm with . or Enter, or press ? or * to list all spells.
Okay, then.
A red film seems to cover your vision as you go berserk!
You feel yourself moving faster!
You feel mighty! The jelly misses you.
You puncture the jelly! The acid corrodes you!
Your hands burn!
* * * LOW HITPOINT WARNING * * *
The jelly is severely wounded.
Your frilled lizard skeleton bites the jelly.
Your frilled lizard skeleton seems to be corroded for longer.
Your frilled lizard skeleton is burned by acid!
The jelly hits your frilled lizard skeleton.
Your frilled lizard skeleton is destroyed!
The jelly quivers.
You hit the jelly.
Your hands burn!
You die...

##~~~.~~.### #
##~~~...~.~## ~.
##..~#.~~....##
.~##~~~##~..##.~.#
..~.~.##~.~.~##..##
#~~~~~#...#~~##.~~##
####..##.##~~##~~..#
#~~~###~..###.~.#
#~†~....∩###~@~.#
##.~...~## #J.~##
##..#### #..## #~.#
#~~.# #~.. #...##
##... ~.~~#
##~...~~~ .~~~###


You could see a jelly.

Vanquished Creatures
  An ice beast (D:3)
  An orc priest (D:3)
  A jelly (Sewer)
  2 orc wizards (D:3)
  7 adders
  3 river rats (Sewer)
  4 dart slugs
  A worm (Sewer)
  An orc (D:3)
  2 ball pythons
  7 endoplasms
  6 giant cockroaches
  12 hobgoblins
  10 jackals
  2 quokkas
  7 bats
  5 frilled lizards
  5 goblins
  8 kobolds
  3 rats
88 creatures vanquished.

Vanquished Creatures (collateral kills)
  3 endoplasms
  A giant cockroach (D:4)
  2 frilled lizards (D:2)
  A rat (Sewer)
7 creatures vanquished.

Grand Total: 95 creatures vanquished

Notes
Turn   | Place    | Note
-------+----------+-------------------------------------------
     0 | D:1      | Ijustatesigmund the Deep Elf Necromancer began the quest
                  | for the Orb.
     0 | D:1      | Reached XP level 1. HP: 10/10 MP: 6/6
   126 | D:1      | Reached skill level 5 in Necromancy
   183 | D:1      | Reached XP level 2. HP: 15/15 MP: 1/8
   656 | D:1      | Reached XP level 3. HP: 19/19 MP: 6/10
  2054 | D:2      | Found a faded altar of an unknown god.
  2358 | D:3      | Reached XP level 4. HP: 24/24 MP: 6/12
  2427 | D:3      | Found Qac Akki's Book Boutique.
  2488 | D:3      | Reached skill level 1 in Throwing
  2534 | D:3      | Reached skill level 6 in Necromancy
  2571 | D:3      | Reached skill level 5 in Spellcasting
  2625 | D:3      | Noticed an ice beast
  2633 | D:3      | Killed an ice beast
  2634 | D:3      | Reached XP level 5. HP: 6/28 MP: 6/15
  3263 | D:3      | Learned a level 3 spell: Stone Arrow
  3298 | D:3      | Reached XP level 6. HP: 32/32 MP: 12/16
  3620 | D:4      | Found a glowing drain.
  3629 | Sewer    | Entered a sewer
  3806 | Sewer    | Reached skill level 1 in Conjurations
  3828 | Sewer    | Reached skill level 1 in Earth Magic
  3945 | Sewer    | Splashed by a jelly's acid

Illustrated notes

Levels and vault maps discovered:
D:1:      dpeg_arrival_tiny_a, layout_basic, minmay_misc_feat_square,
          chequers_serial_rivers_room_b
D:2:      layout_loops_ring, shapermc_ecumenical_altar_mp_highgroup
D:3:      layout_basic, serial_shops, shop_fountains, grunt_decor_junction
D:4:      layout_loops_ring, kennysheep_slug_shrine,
          mainiacjoe_overflow_brackets, gup_sewer_entry_pipe,
          nicolae_ossuary_entry_false_entrances, serial_glass, glass_columns_b,
          glass_columns_b
Sewer:    sewer_hellmonk_slimy_pipes

Skill      XL: |  1  2  3  4  5  6 |
---------------+-------------------+-----
Necromancy     | 5 6 |  6.5
Spellcasting   | 4 5 |  5.7
Throwing       | 2 |  2.5
Conjurations   | 1 |  1.8
Earth Magic    | 1 |  1.7
Fighting       | |  0.3
Dodging        | |  2.4
Stealth        | |  2.4

Action                     |  1- 3 |  4- 6 || total
---------------------------+-------+-------++-------
  Melee: Short sword       |       |     3 ||     3
   Cast: Necrotise         |    81 |    94 ||   175
    Use: Scroll            |     5 |     4 ||     9
         Potion            |       |     1 ||     1
 Armour: Robe              |     4 |     5 ||     9
  Dodge: Dodged            |    12 |    15 ||    27

Table legend: (Time is in decaauts)
 A = Elapsed time spent in this place.
 B = Non-inter-level travel time spent in this place.
 C = Inter-level travel time spent in this place.
 D = Time resting spent in this place.
 E = Time spent auto-exploring this place.
 F = Levels seen in this place.
 G = Mean time per level.
                   A        B        C        D        E       F      G
               +--------+--------+--------+--------+--------+-----+--------+
         Total |   3964 |   3879 |     85 |    750 |   2540 |   5 |  792.8 |
       Dungeon |   3634 |   3549 |     85 |    731 |   2325 |   4 |  908.5 |
         Sewer |    329 |    329 |      0 |     19 |    214 |   1 |  329.0 |
               +--------+--------+--------+--------+--------+-----+--------+

Top non-repeatable levels by time:
     D:1: 1318 daAuts
     D:3: 1275 daAuts
     D:2: 988 daAuts
   Sewer: 329 daAuts
     D:4: 51 daAuts
